 Dungeon Crawl Stone Soup version 0.19-a0-148-g706f639 (webtiles) character file.

179 DarthKuruptios the Skirmisher (level 5, 0/57 HPs)
             Began as an Ogre Monk on May 18, 2016.
             Was an Initiate of Gozag.
             Slain by a gnoll (4 damage)
             ... on level 3 of the Dungeon.
             The game lasted 00:12:50 (3065 turns).

DarthKuruptios the Skirmisher (Ogre Monk)           Turns: 3065, Time: 00:12:50

Health: 0/57       AC:  5    Str: 16    XL:     5   Next: 59%
Magic:  5/5        EV: 11    Int:  9    God:    Gozag
Gold:   141        SH:  0    Dex: 13    Spells: 0 memorised, 4 levels left

rFire  x . .     SeeInvis .       - Unarmed
rCold  + . .     Gourm    .     a - +0 robe
rNeg   . . .     Faith    .     (no shield)
rPois  .         Spirit   .     (helmet restricted)
rElec  .         Dismiss  .     h - +1 cloak
rCorr  .         Reflect  .     (gloves unavailable)
SustAt .         Harm     .     (boots unavailable)
MR     .....     Clarity  +     (no amulet)
Stlth  ++........               (no ring)
                                o - ring of ice

@: gold aura, not resistant to hostile enchantments, unstealthy
A: unfitting armour, claws 1, clarity, tough skin 1, sturdy frame 1
a: Potion Petition, Call Merchant, Bribe Branch, Renounce Religion


You were on level 3 of the Dungeon.
You worshipped Gozag.
Gozag was noncommittal.
You were hungry.

You visited 1 branch of the dungeon, and saw 3 of its levels.

You collected 141 gold pieces.

Inventory:

Missiles
 d - 73 stones (quivered)
 q - 2 tomahawks
Armour
 a - a +0 robe (worn)
 h - a +1 cloak (worn)
Jewellery
 o - a ring of ice (left claw)
Scrolls
 c - 2 scrolls of blinking {unknown}
 f - 3 scrolls of identify
 j - a scroll of teleportation {unknown}
 m - a scroll of enchant armour
 n - a scroll of enchant weapon
Potions
 g - a potion of haste
 i - a potion of curing {unknown}
 k - a potion of heal wounds {unknown}
 l - a potion of flight {unknown}
 p - 2 potions of lignification {unknown}
Comestibles
 b - a bread ration
 r - a meat ration


   Skills:
 + Level 5.0 Fighting
 * Level 1.0 Throwing
 + Level 3.4 Dodging
 + Level 2.5 Stealth
 * Level 4.6 Unarmed Combat


You had 4 spell levels left.
You didn't know any spells.

Dungeon Overview and Level Annotations

Branches:
Dungeon (3/15)

Altars:
Ashenzari
Gozag
Kikubaaqudgha
Okawaru
Sif Muna


Innate Abilities, Weirdness & Mutations

You are too large for most types of armour.
You have tough skin (AC +1).
You have sharp fingernails.
You possess an exceptional clarity of mind.
Your movements are slightly less encumbered by armour (ER -2).


Message History

You hit the gnoll.
You kill the gnoll!
Your Fighting skill increases to level 5!
The giant gecko bites you. The gnoll closely misses you.
You hit the gnoll but do no damage. The giant gecko barely misses you.
The gnoll hits you!
The gnoll hits you from afar with a halberd!
* * * LOW HITPOINT WARNING * * *
The giant gecko barely misses you.
You are too injured to fight recklessly!
You are too injured to fight recklessly!
You are too injured to fight recklessly!
Unknown command.
Drink which item? (? for menu, Esc to quit)
It was a potion of mutation.
You feel extremely strange.
You feel less encumbered by your armour.
Your fingernails lengthen.
Your thoughts seem clearer.
The gnoll hits you.
You die...
Your body crumbles into a pile of gold.

#...#.##..........
#...#..#.#........
######.#.##########
.#...........
#.####.###.##
#..........#
#(###.###..#
##...## ## #@....#
#..gl......#
#.g#.....#.#
#..##...##.# #.
##.## # .. ... ##
###


You could see 2 gnolls and a giant gecko.

Vanquished Creatures
  2 orc wizards
  A gnoll (D:3)
  4 adders (D:2)
  A worm (D:2)
  4 dart slugs
  9 orcs
  13 bats
  A giant cockroach (D:2)
  9 goblins
  2 hobgoblins (D:2)
  A ball python (D:2)
  4 giant newts
  9 kobolds
  5 rats (D:1)
65 creatures vanquished.

Notes
Turn   | Place    | Note
--------------------------------------------------------------
     0 | D:1      | DarthKuruptios the Ogre Monk began the quest for the Orb.
     0 | D:1      | Reached XP level 1. HP: 24/24 MP: 1/1
   209 | D:1      | Reached XP level 2. HP: 32/32 MP: 2/2
   747 | D:2      | Found a shattered altar of Ashenzari.
   802 | D:2      | Found a deep blue altar of Sif Muna.
   905 | D:2      | Reached XP level 3. HP: 39/40 MP: 3/3
   963 | D:2      | Found an iron altar of Okawaru.
  1550 | D:2      | Found an ancient bone altar of Kikubaaqudgha.
  1551 | D:2      | Found an opulent altar of Gozag.
  1598 | D:2      | Reached XP level 4. HP: 36/49 MP: 4/4
  2220 | D:2      | Reached XP level 5. HP: 53/55 MP: 5/5
  2741 | D:2      | Became a worshipper of Gozag Ym Sagoz the Greedy
  2821 | D:3      | Reached skill level 1 in Throwing
  3063 | D:3      | Reached skill level 5 in Fighting
  3065 | D:3      | Gained mutation: Your movements are slightly less encumbered by armour (ER -2). [potion of mutation]
  3065 | D:3      | Gained mutation: You have sharp fingernails. [potion of mutation]
  3065 | D:3      | Gained mutation: You possess an exceptional clarity of mind. [potion of mutation]
  3065 | D:3      | Slain by a gnoll

Vault maps used:
D:1:      dpeg_arrival_round_a
D:2:      ashenzari_altar_1, led_sif_pool, gammafunk_temple_overflow_statue,
          okawaru_altar_gauntlet_db
D:3:      nicolae_qazlal_style_of_elements, gammafunk_temple_overflow_elements,
          minmay_misc_feat_enclosed, grunt_ministairs_15,
          minmay_strange_pillars, uniq_crazy_yiuf_cottage, uniq_jessica

Skill      XL: |  1  2  3  4  5 |
---------------+----------------+-----
Dodging        | 3 |  3.4
Unarmed Combat | 4 |  4.6
Stealth        | 2 |  2.5
Throwing       | 1 |  1.0
Fighting       | 5 |  5.0

Action                   |  1- 3 |  4- 6 || total
-------------------------+-------+-------++-------
Melee: Unarmed           |   151 |   103 ||   254
       Punch             |     3 |     1 ||     4
Throw: Stone             |       |     4 ||     4
  Use: Scroll            |     6 |       ||     6
       Potion            |       |     1 ||     1
 Stab: Sleeping          |     1 |       ||     1
  Eat: Chunk             |     2 |     4 ||     6
Armor: Robe              |    74 |    26 ||   100
Dodge: Dodged            |   107 |    50 ||   157
